 Dungeon Crawl Stone Soup version 0.21-a0-404-g291f19a (webtiles) character file.

807 kae the Geomancer (level 7, 0/36 HPs)
             Began as a Gargoyle Earth Elementalist on Oct 26, 2017.
             Killed from afar by an orc wizard (10 damage)
             ... with a magic dart
             ... on level 4 of the Dungeon.
             The game lasted 00:06:47 (5836 turns).

kae the Geomancer (Gargoyle Earth Elementalist)     Turns: 5836, Time: 00:06:47

Health: 0/36       AC:  0    Str: 11      XL:     7   Next: 92%
Magic:  15/15      EV: 19    Int: 18      God:
Gold:   240        SH:  0    Dex: 14 (15) Spells: 8/17 levels left

rFire    . . .     SeeInvis .   (weapon currently unavailable)
rCold    . . .     Gourm    .   (shield currently unavailable)
rNeg     + . .     Faith    .   (armour currently unavailable)
rPois    ∞         Spirit   .   (helmet currently unavailable)
rElec    .         Reflect  .   (cloak currently unavailable)
rCorr    .         Harm     .   (gloves currently unavailable)
MR       .....                  (boots currently unavailable)
Stlth    ++........             (no amulet)
HPRegen  0.12/turn              (ring currently unavailable)
MPRegen  0.14/turn              (ring currently unavailable)

@: bat-form, flying, very quick
A: negative energy resistance 1, petrification resistance, rot immunity, AC +4
a: no special abilities


You were on level 4 of the Dungeon.
You were not hungry.
You were in bat-form.
You visited 1 branch of the dungeon, and saw 5 of its levels.

You collected 240 gold pieces.

Inventory:

Missiles
 r - 66 stones (quivered)
Armour
 c - a +1 robe (melded)
Jewellery
 b - an uncursed ring of poison resistance {unknown}
 j - a cursed -2 ring of strength {unknown}
 n - a ring of resist corrosion (melded)
 p - a ring of protection from cold (melded)
 x - an uncursed amulet of magic regeneration {unknown}
Wands
 q - a wand of polymorph (20/24)
 y - a wand of iceblast (9/15)
Scrolls
 a - a scroll of remove curse
 g - a scroll of identify
 k - a scroll of blinking {unknown}
 o - 2 scrolls of enchant armour
 u - a scroll of teleportation
 v - a scroll of magic mapping
Potions
 f - a potion of heal wounds
 h - 2 potions of invisibility
 l - a potion of resistance
 m - 2 potions of curing
 t - 2 potions of lignification
 w - a potion of ambrosia {unknown}
Books
 e - a book of Geomancy

   Spells                             Type                      Level
   a - Sandblast                      Earth                        1
   b - Passwall                       Transmutation/Earth          2
   c - Stone Arrow                    Conjuration/Earth            3
   d - Petrify                        Transmutation/Earth          4
   e - Lee's Rapid Deconstruction     Earth                        5
Comestibles
 d - 4 bread rations
 i - 2 meat rations
 s - 3 royal jellies
 z - a chunk of flesh


   Skills:
 - Level 1.5 Dodging
 - Level 2.1 Stealth
 + Level 5.8 Spellcasting
   Level 0.7 Transmutations
 + Level 8.1 Earth Magic


You had 8 spell levels left.
You knew the following spells:

 Your Spells              Type           Power        Failure   Level  Hunger
a - Sandblast             Erth           ####..       1%          1    None
b - Stone Arrow           Conj/Erth      ###...       7%          3    ##.....
c - Lee's Rapid Deconstr  Erth           ####......   12%         5    #####..


Dungeon Overview and Level Annotations

Branches:
Dungeon (5/15)
 Temple: D:4-7

Altars:
Kikubaaqudgha
Nemelex Xobeh
Uskayaw
The Shining One


Innate Abilities, Weirdness & Mutations

You are resistant to torment.
((Your stone body is resilient. (AC +4)))
You are immune to poison.
You resist negative energy. (rN+)
((You are resistant to electric shocks. (rElec)))
((You can survive without breathing.))
You are immune to petrification.
You are immune to rotting.


Message History

The orc wizard hits you with a dagger. The orc wizard barely misses you.
You can't do that in your present form.
You can't do that in your present form.
The orc wizard points at you and mumbles some strange words.
The magic dart hits you!
You fly upwards.
There is a stone staircase leading down here.
Unknown command.
You can't do that in your present form.
You hit the orc wizard.
The orc wizard is almost dead.
The orc wizard hits you with a dagger.
You hit the orc wizard.
The orc wizard is almost dead.
The orc wizard gestures at you while chanting.
The magic dart hits you!
* * * LOW HITPOINT WARNING * * *
The orc wizard casts a spell at you. The magic dart hits you!
You die...

.#...#.....#.#.#.##..#######.#
##'###.#####.#...##..# #.#
.......#####.##..##..#######.####
...........#.##.)##..............
...........#.##..##............##
##''.......'...................#
#.#.......#.##..#...........#.#
#.###'#####.##..#...#######.#.#
##.###.# #.##ob#...# #.#.#
.#.#...# #.###.#...#######.#.#
.#.#.### #.# #.#...........#.#
.#(#.# #.# #.#.#.#.#####.#.#
.#.#.# #.# #.#.#...........#
.#.#.# #.# #.#.###..####.###
.#.#.# #.###.#.###..# #.# .#.#.#
#............# #.# .#.#.#
#######.###.## #.#


You could see an orc wizard.

Vanquished Creatures
  The ghost of kae the Firebug, an amateur TeFE (D:4)
  Eustachio (D:5)
  A phantom (D:4)
  A bullfrog (D:3)
  A scorpion (D:5)
  A crimson imp (D:5)
  2 orc wizards
  A worker ant (D:4)
  A hound zombie (D:5)
  7 gnolls
  3 adders
  A worm (D:3)
  3 dart slugs
  6 leopard geckos
  10 orcs
  6 bats
  9 giant cockroaches
  5 goblins
  6 hobgoblins (D:1)
  4 kobolds
  A quokka (D:5)
  A ball python (D:1)
  10 frilled lizards
  A leopard gecko zombie (D:5)
  11 rats
94 creatures vanquished.

Notes
Turn   | Place    | Note
-------+----------+-------------------------------------------
     0 | D:1      | kae the Gargoyle Earth Elementalist began the quest for the Orb.
     0 | D:1      | Reached XP level 1. HP: 10/10 MP: 3/3
   121 | D:1      | Reached XP level 2. HP: 5/15 MP: 3/5
   126 | D:1      | Reached skill level 4 in Earth Magic
   689 | D:1      | Reached XP level 3. HP: 13/19 MP: 0/6
  1582 | D:2      | Found a glowing golden altar of the Shining One.
  1759 | D:2      | Found a sparkling altar of Nemelex Xobeh.
  2089 | D:3      | Found a hide-covered altar of Uskayaw.
  2089 | D:3      | Found an ancient bone altar of Kikubaaqudgha.
  2217 | D:3      | Reached XP level 4. HP: 24/24 MP: 6/8
  2230 | D:3      | Reached skill level 5 in Earth Magic
  2458 | D:3      | Reached XP level 5. HP: 26/28 MP: 8/10
  2712 | D:2      | Learned a level 3 spell: Stone Arrow
  2718 | D:2      | Learned a level 5 spell: Lee's Rapid Deconstruction
  2986 | D:3      | Reached skill level 6 in Earth Magic
  3302 | D:4      | Noticed kae's ghost (amateur TeFE)
  3489 | D:4      | Reached XP level 6. HP: 32/32 MP: 10/12
  3673 | D:4      | Killed kae's ghost
  4288 | D:4      | Noticed a phantom
  4307 | D:4      | Killed a phantom
  4307 | D:4      | Reached skill level 5 in Spellcasting
  4307 | D:4      | Reached skill level 7 in Earth Magic
  4307 | D:4      | Reached XP level 7. HP: 35/36 MP: 0/14
  4914 | D:5      | Entered Level 5 of the Dungeon
  5296 | D:5      | Noticed Eustachio
  5492 | D:5      | Killed Eustachio
  5492 | D:5      | Reached skill level 8 in Earth Magic
  5836 | D:4      | Killed from afar by an orc wizard

Vault maps used:
D:1:      saegor_arrival_under_anarchy
D:2:      nemelex_altar_shiori, nicolae_overflow_crystal_walls,
          minmay_misc_feat_iff, kennysheep_generic_room_13
D:3:      minmay_wonky_spiral, gammafunk_temple_overflow_elements
D:4:      first_bread
D:5:      kennysheep_six_static_rooms, uniq_eustachio, uniq_blork_the_orc

Skill      XL: |  1  2  3  4  5  6  7 |
---------------+----------------------+-----
Earth Magic    | 4 5 6 7 8 |  8.1
Spellcasting   | 3 4 5 |  5.8
Dodging        | |  1.5
Stealth        | |  2.1
Transmutations | |  0.7

Action                   |  1- 3 |  4- 6 |  7- 9 || total
-------------------------+-------+-------+-------++-------
Melee: Unarmed           |   131 |    95 |    80 ||   306
 Cast: Sandblast         |    37 |    41 |     7 ||    85
       Stone Arrow       |       |    16 |    26 ||    42
  Use: Potion            |     1 |       |       ||     1
       Scroll            |     2 |    12 |       ||    14
 Stab: Sleeping          |     5 |     1 |       ||     6
       Distracted        |       |       |     1 ||     1
  Eat: Chunk             |     4 |     8 |     4 ||    16
       Royal jelly       |       |       |     1 ||     1
       Fruit             |       |       |     1 ||     1
Armor: Robe              |    65 |    59 |    27 ||   151
Dodge: Dodged            |    99 |    92 |    51 ||   242

Table legend:
 A = Spawn XP
 B = Non-spawn XP
 C = Spawn XP percentage of total XP
 D = Spawn monster count
 E = Non-spawn monster count
 F = Spawn count percentage of total count
 G = Total turns spent on level
                    A         B        C        D         E        F      G
               +---------+---------+-------+---------+---------+-------+---------
         Total |       0 |    1154 |   0.0 |       0 |      94 |   0.0 |  5836
               +---------+---------+-------+---------+---------+-------+---------
           D:1 |       0 |      41 |   0.0 |       0 |      25 |   0.0 |  1124
           D:2 |       0 |      40 |   0.0 |       0 |      16 |   0.0 |  1167
           D:3 |       0 |     230 |   0.0 |       0 |      26 |   0.0 |  1184
           D:4 |       0 |     465 |   0.0 |       0 |      16 |   0.0 |  1536
           D:5 |       0 |     378 |   0.0 |       0 |      11 |   0.0 |   825
               +---------+---------+-------+---------+---------+-------+---------
